 Dungeon Crawl Stone Soup version 0.27-a0-760-gc38aae387d (webtiles) character file.

Game seed: 13282447030353363791

11332 sanka the Nimble (level 11, -9/91 HPs)
             Began as a Djinni Conjurer on Mar 25, 2021.
             Was a Follower of Ashenzari.
             Mangled by Erolcha
             ... wielding a +0 giant club
              (32 damage)
             ... on level 12 of the Dungeon.
             The game lasted 00:37:19 (16305 turns).

sanka the Nimble (Djinni Conjurer)                 Turns: 16305, Time: 00:37:20

Health: -9/91      AC:  7    Str:  6    XL:     11   Next: 76%
Gold:   998        EV: 17    Int: 29    God:    Ashenzari [*.....] SH:  0 Dex: 12

rFire    + . .     SeeInvis .   C - +0 dagger (elec)
rCold    . . .     Faith    .   (no shield)
rNeg     . . .     Spirit   .   A - +0 steam dragon scales
rPois    ∞         Reflect  .   h - +0 helmet
rElec    .         Harm     .   z - +0 cloak
rCorr    .         Rampage  .   (no gloves)
Will     +....                  (boots unavailable)
Stlth    ++........             (no amulet)
HPRegen  0.25/turn              c - ring of the Ensconced Fetters {Int+6, Self, Cun} (curse)
MPRegen  0.00/turn              r - ring of Ashenzari's Stickiness {Ice, Self, Range} (curse)

@: flying
A: fire resistance 2, cold vulnerability 1, float, innate caster, hp casting,
extra vitality 1
a: Renounce Religion, Curse Item, Shatter the Chains


You were on level 12 of the Dungeon.
You worshipped Ashenzari.
Ashenzari was aware of your devotion.
You visited 1 branch of the dungeon, and saw 12 of its levels.

You collected 998 gold pieces.


Innate Abilities, Weirdness & Mutations

You are immune to poison.
Your flesh is very heat resistant. (rF++)
You are vulnerable to cold. (rC-)
You float through the air rather than walking.
You learn spells naturally, not from books.
Your magical power is your life essence.
You have superior vitality. (+4 HP)


   Skills:
 + Level 11.4(12.8) Fighting
 + Level 12.5(13.3) Dodging
 - Level 1.5(2.3) Stealth
 - Level 8.0(9.6) Spellcasting


You had one spell level left.
You knew the following spells:

 Your Spells              Type           Power      Damage    Failure   Level
c - Iskenderun's Mystic   Conj/Tloc      63%        2d13      1%          4
i - Corpse Rot            Necr/Air       N/A        N/A       1%          2
u - Magic Dart            Conj           100%       1d8       1%          1
v - Gell's Gravitas       Tloc           31%        N/A       1%          3
x - Searing Ray           Conj           100%       3d7       1%          2
y - Dazzling Flash        Conj/Hex       100%       N/A       1%          3
z - Shock                 Conj/Air       100%       1d9       1%          1
T - Metabolic Englaciati  Hex/Ice        40%        N/A       1%          5
X - Conjure Flame         Conj/Fire      63%        6-21      1%          3
Z - Fulminant Prism       Conj/Hex       31%        3d16      1%          4
Your spell library was empty.

Inventory:

Hand Weapons
 s - a +5 battleaxe
 C - a +0 dagger of electrocution (weapon)
Missiles
 o - a throwing net {=f}
Armour
 h - a +0 helmet (worn)
 z - a +0 cloak (worn)
 A - +0 steam dragon scales (worn)
Jewellery
 c - the cursed ring of the Ensconced Fetters (right hand) {Int+6, Self, Cun}

   [ring of intelligence]

   It affects your intelligence (+6).
   It has a curse which improves the following skills: Introspection: Fighting
   and Spellcasting.
   Cunning:   Dodging and Stealth.
 e - a ring of fire
 r - the cursed ring of Ashenzari's Stickiness (left hand) {Ice, Self, Range}

   [ring of ice]

   It enhances your ice magic.
   It makes you vulnerable to fire.
   It protects you from cold.
   It has a curse which improves the following skills: Introspection: Fighting
   and Spellcasting.
   Ranged Combat: Slings, Bows, Crossbows and Throwing.
 E - the ring "Sarriddi" {Wiz rF+ Will++ Int+4}

   [ring of wizardry]

   It improves your spell success rate.
   It affects your intelligence (+4).
   It protects you from fire.
   It affects your willpower, your defense against some magical effects.
 G - a ring of willpower
Wands
 a - a wand of random effects (19)
 p - a wand of acid (9)
 w - a wand of paralysis (8)
 D - a wand of flame (36)
Scrolls
 b - 2 scrolls of enchant weapon
 f - 3 scrolls of torment {!r}
 g - a scroll of vulnerability {!r}
 k - 7 scrolls of teleportation {@r4}
 l - 2 scrolls of summoning
 n - a scroll of magic mapping
 q - 3 scrolls of immolation {!r}
 u - a scroll of enchant armour
 y - a scroll of silence {!r}
 H - a scroll of fear
Potions
 d - 3 potions of haste {@q3}
 i - 3 potions of lignification {!q}
 j - 6 potions of curing {@q1}
 m - a potion of heal wounds {@q2}
 t - 2 potions of might
 v - a potion of mutation {!q}
 x - a potion of invisibility
 B - a potion of berserk rage {!q}
 F - a potion of attraction {!q}

Dungeon Overview and Level Annotations

Branches:
Dungeon (12/15)            Temple (0/1) D:5            Lair (0/6) D:11
    Orc (0/2) D:10

Altars:
Ashenzari
Dithmenos
Gozag
Kikubaaqudgha
Makhleb
Nemelex Xobeh
Okawaru
Uskayaw
The Shining One

Shops:
D:10 *

Annotations:
D:6 3 runed translucent doors, Lanoc's ghost, novice DjIE
D:12 Erolcha; Rupert

▒▒▒+▒▒▒▒▒▒▒▒▒
▒...........▒
▒...........▒ .
▒.......{...▒▒....
▒......R.)..@.....
▒▒▒'▒▒▒▒▒▒.....▒▒▒
▒▒▒▒.▒ ▒.....▒
▒....▒▒▒▒ ▒£....▒
+......<▒ ▒.....▒
▒....▒▒▒▒ ▒.....▒
▒....▒ ▒.....▒
▒....▒ ▒▒▒▒▒▒▒
▒....▒▒


You could see Rupert.


Message History

The searing ray hits something!
Your fulminant prism explodes!
You hear a shout!
Unknown command.
You see here a +0 short sword.
You hear some strange, mumbled words.
A fireball appears from out of thin air!
The fireball explodes!
The fireball engulfs you! You resist.
Aiming: Fulminant Prism (mildly dangerous; 1% risk of failure)
You conjure a prism of explosive energy!
A fulminant prism comes into view.
Something barely misses you.
Aiming: Searing Ray (safe; 1% risk of failure) (Press . to maintain the ray.)
You hear some strange, mumbled words.
Something tries to affect you, but you resist.
Your fulminant prism crackles loudly.
The searing ray hits something.
Rupert the Wild comes into view.
He is wielding a +3 great mace of protection.
Something hits you!
Your fulminant prism explodes!
The blast of energy engulfs something!!
Something hits you!!
* * * LOW HITPOINT WARNING * * *
* * * LOW HITPOINT WARNING * * *
You finish channeling your searing ray.
Something hits you!!
You die...

Action                   |  1- 3 |  4- 6 |  7- 9 | 10-12 || total
-------------------------+-------+-------+-------+-------++-------
Melee: Dagger            |       |       |       |     6 ||     6
       Battleaxe         |       |       |       |     1 ||     1
 Cast: Magic Dart        |    46 |    24 |       |     5 ||    75
       Searing Ray       |     4 |     5 |    41 |    57 ||   107
       Shock             |       |    76 |   111 |   101 ||   288
       Gell's Gravitas   |       |       |     2 |       ||     2
       Conjure Flame     |       |       |     1 |     2 ||     3
       Fulminant Prism   |       |       |       |    26 ||    26
       Metabolic Englaci |       |       |       |     1 ||     1
Invok: Curse Item        |       |       |     2 |       ||     2
Armor: Robe              |     3 |     6 |     7 |       ||    16
       Steam dragon scal |       |       |     8 |    27 ||    35
Dodge: Dodged            |     2 |    19 |    34 |   136 ||   191

Levels and vault maps discovered:
D:1:      dpeg_arrival_pond, layout_rooms, chequers_garden
D:2:      layout_basic, uniq_robin
D:3:      layout_basic, makhleb_altar_promises_db,
          chequers_temple_overflow_statue_of_worship,
          chequers_ecumenical_altar_simple_redux, serial_glass, glass_columns_b,
          glass_columns_b, item_on_display_a, due_unseen_surprise,
          minmay_strange_pillars, item_on_display_a, minmay_misc_feat_nine_boxes
D:4:      layout_cave_pods, ashenzari_altar_1
D:5:      minmay_polygon_palace, layout_rooms, minmay_temple_entry_mist,
          okawaru_metal_pillars_1_2, uniq_menkaure
D:6:      layout_cave_pools, gammafunk_ghost_nasty_kobolds
D:7:      layout_loops_corners, basic_altar, minmay_misc_feat_plants,
          uniq_joseph, uniq_duvessa, uniq_crazy_yiuf_cottage
D:8:      layout_rooms, lemuel_coloured_pillars_altar,
          nicolae_uskayaw_dance_studio, minmay_microvault
D:9:      layout_loops_ring
D:10:     layout_roguey, david_orc_4, nicolae_gozag_zags_fifth_avenue
D:11:     nicolae_whirlpool, layout_basic, david_lair_generic,
          nemelex_xobeh_ov_fountains_minmay
D:12:     layout_basic, kennysheep_decorative_pillar, uniq_rupert, uniq_erolcha

Notes
Turn   | Place    | Note
-------+----------+-------------------------------------------
     0 | D:1      | sanka the Djinni Conjurer began the quest for the Orb.
     0 | D:1      | Reached XP level 1. HP: 15/15 MP: 0/0
   311 | D:1      | Reached XP level 2. HP: 20/21 MP: 0/0
   326 | D:1      | Reached skill level 4 in Spellcasting
   699 | D:1      | Reached XP level 3. HP: 24/25 MP: 0/0
   699 | D:1      | Learned a level 1 spell: Shock
  1039 | D:2      | Noticed Robin
  1057 | D:2      | Killed Robin
  1331 | D:2      | Reached XP level 4. HP: 29/31 MP: 0/0
  2179 | D:3      | Noticed an ogre
  2183 | D:3      | Killed an ogre
  2184 | D:3      | Reached skill level 5 in Spellcasting
  2184 | D:3      | Reached XP level 5. HP: 30/35 MP: 0/0
  2184 | D:3      | Learned a level 2 spell: Corpse Rot
  2455 | D:3      | Found a faded altar of an unknown god.
  2695 | D:3      | Found a sparkling altar of Nemelex Xobeh.
  2827 | D:3      | Found a burning altar of Makhleb.
  2827 | D:3      | Noticed a cacodemon
  2830 | D:3      | Noticed a hellwing
  2830 | D:3      | Noticed a smoke demon
  3463 | D:4      | Reached skill level 6 in Spellcasting
  3463 | D:4      | Reached XP level 6. HP: 20/40 MP: 0/0
  3961 | D:4      | Found a broken altar of Ashenzari.
  4692 | D:4      | Became a worshipper of Ashenzari the Shackled
  4724 | D:5      | Entered Level 5 of the Dungeon
  4793 | D:5      | Noticed Menkaure
  4802 | D:5      | Killed Menkaure
  4803 | D:5      | Reached XP level 7. HP: 41/45 MP: 0/0
  4803 | D:5      | Learned a level 3 spell: Gell's Gravitas
  4818 | D:5      | Reached skill level 7 in Spellcasting
  5474 | D:5      | Reached skill level 8 in Spellcasting
  5646 | D:5      | Reached skill level 1 in Fighting
  5646 | D:5      | Reached XP level 8. HP: 45/52 MP: 0/0
  5728 | D:5      | Reached skill level 2 in Fighting
  5728 | D:5      | Reached skill level 3 in Dodging
  5990 | D:5      | Reached skill level 4 in Dodging
  6005 | D:5      | Found a staircase to the Ecumenical Temple.
  6063 | D:5      | Found an iron altar of Okawaru.
  6239 | D:6      | Reached skill level 3 in Fighting
  6591 | D:6      | Reached skill level 4 in Fighting
  6591 | D:6      | Reached skill level 5 in Dodging
  6790 | D:6      | Found a runed translucent gate.
  6790 | D:6      | Noticed Lanoc's ghost (novice DjIE)
  6823 | D:6      | Found a runed translucent gate.
  6825 | D:6      | Found a runed translucent gate.
  6976 | D:6      | Reached skill level 5 in Fighting
  6976 | D:6      | Reached skill level 6 in Dodging
  6976 | D:6      | Reached XP level 9. HP: 41/66 MP: 0/0
  6976 | D:6      | Learned a level 3 spell: Conjure Flame
  7346 | D:6      | Identified +0 steam dragon scales
  7837 | D:6      | Reached * piety under Ashenzari
  7970 | D:7      | Noticed Dowan
  7973 | D:7      | Noticed Duvessa
  7981 | D:7      | Killed Dowan
  7982 | D:7      | Reached skill level 7 in Dodging
  7982 | D:7      | Killed Duvessa
  7983 | D:7      | Reached skill level 6 in Fighting
  8136 | D:7      | Killed an unseen horror
  8347 | D:7      | Noticed Joseph
  8359 | D:7      | Killed Joseph
  8360 | D:7      | Reached skill level 7 in Fighting
  8360 | D:7      | Reached skill level 8 in Dodging
  8666 | D:7      | Reached XP level 10. HP: 75/78 MP: 0/0
  8987 | D:7      | Reached skill level 9 in Dodging
  9060 | D:7      | Found a glowing golden altar of the Shining One.
  9358 | D:7      | Found a runed translucent door.
  9359 | D:7      | Noticed Crazy Yiuf
  9496 | D:7      | Killed Crazy Yiuf
  9584 | D:8      | Identified the +0 ring mail "Yvitsentuo" {Will++ Str-3
                  | Slay+5}
  9596 | D:8      | Reached skill level 8 in Fighting
 10751 | D:8      | Noticed a skeletal warrior
 10765 | D:8      | Killed a skeletal warrior
 10766 | D:8      | Reached skill level 10 in Dodging
 10974 | D:8      | Found a shadowy altar of Dithmenos.
 11085 | D:8      | Found a hide-covered altar of Uskayaw.
 11090 | D:8      | Reached skill level 9 in Fighting
 12162 | D:9      | Identified the ring "Sarriddi" {Wiz rF+ Will++ Int+4}
 12266 | D:9      | Reached skill level 11 in Dodging
 12266 | D:9      | Reached XP level 11. HP: 77/87 MP: 0/0
 12266 | D:9      | Learned a level 5 spell: Metabolic Englaciation
 12460 | D:10     | Entered Level 10 of the Dungeon
 12482 | D:10     | Reached skill level 10 in Fighting
 12597 | D:10     | Found an opulent altar of Gozag.
 12758 | D:10     | Found Gozag's Platinum Reserve.
 12801 | D:10     | Noticed a two-headed ogre
 12862 | D:10     | Killed a two-headed ogre
 13026 | D:10     | Noticed a two-headed ogre
 13106 | D:10     | Killed a two-headed ogre
 13900 | D:10     | Found a staircase to the Orcish Mines.
 14116 | D:10     | Reached skill level 12 in Dodging
 14321 | D:11     | Found a staircase to the Lair.
 14330 | D:11     | Noticed a brown ugly thing
 14332 | D:11     | Reached skill level 11 in Fighting
 14729 | D:11     | Killed a brown ugly thing
 14897 | D:11     | Identified the +1 scale mail "Epsocef" {rElec rCorr Stlth+}
 15152 | D:11     | Found a sparkling altar of Nemelex Xobeh.
 16292 | D:12     | Noticed Erolcha
 16303 | D:12     | Noticed Rupert
 16305 | D:12     | Mangled by Erolcha

Vanquished Creatures
  2 two-headed ogres (D:10)
  A skeletal warrior (D:8)
  An ugly thing (D:11)
  An elephant (D:11)
  Joseph (D:7)
  An unseen horror (D:7)
  3 trolls
  A hornet (D:9)
  A shadow (D:11)
  4 yaks
  A vampire (D:11)
  2 steam dragons
  2 vampire mosquitoes (D:10)
  Menkaure (D:5)
  2 water moccasins
  Duvessa (D:7)
  9 orc warriors
  2 hornet zombies
  2 sky beasts
  3 black bears
  A necrophage (D:5)
  3 ogres
  A phantom (D:6)
  8 centaurs
  3 kobold brigands
  A gnoll sergeant (D:8)
  2 bullfrogs (D:7)
  A scorpion (D:5)
  Dowan (D:7)
  6 killer bees (D:9)
  10 wights
  4 howler monkeys
  2 electric eels (D:11)
  A bullfrog zombie (D:6)
  2 centaur zombies
  A bullfrog skeleton (D:7)
  A jelly (D:6)
  Crazy Yiuf (D:7)
  A gnoll shaman (D:6)
  4 orc priests
  5 centaur skeletons
  2 hounds
  An iguana (D:7)
  10 orc wizards
  5 worker ants
  A killer bee zombie (D:8)
  2 hound skeletons
  2 howler monkey zombies (D:6)
  8 gnolls
  Robin (D:2)
  A howler monkey skeleton (D:5)
  13 adders
  A white imp (D:5)
  3 ufetubi
  2 worms
  2 dart slugs (D:2)
  27 orcs
  5 bats
  7 endoplasms
  A giant cockroach (D:1)
  10 goblins
  10 hobgoblins
  8 jackals
  A quokka (D:5)
  5 ball pythons
  7 frilled lizards
  12 kobolds
  4 rats
251 creatures vanquished.

Vanquished Creatures (others)
  26 fulminant prisms
26 creatures vanquished.

Grand Total: 277 creatures vanquished
